 Dungeon Crawl Stone Soup version 0.23-b1 (webtiles) character file.

Game seed: 6354899083575054715

127621 1994 the Transmogrifier (level 16, -2/138 HPs)
             Began as a White Draconian Transmuter on Jan 31, 2019.
             Was the Champion of Makhleb.
             Slain by a +4 dire flail of crushing (22 damage)
             ... on level 2 of the Orcish Mines.
             The game lasted 02:42:32 (25852 turns).

1994 the Transmogrifier (DrTm)                     Turns: 25852, Time: 02:42:33

Health: -2/138     AC: 14    Str: 13    XL:     16   Next: 46%
Magic:  19/31      EV: 20    Int: 16    God:    Makhleb [******]
Gold:   2524       SH:  5    Dex: 19    Spells: 1/37 levels left

rFire    . . .     SeeInvis .     - Unarmed
rCold    + . .     Gourm    .   (shield currently unavailable)
rNeg     + . .     Faith    .   (armour unavailable)
rPois    .         Spirit   .   m - +2 hat {MR+}
rElec    .         Reflect  +   T - +2 cloak {+Inv}
rCorr    .         Harm     .   (gloves currently unavailable)
MR       ++...                  (no boots)
Stlth    ++........             n - +5 amulet of reflection
HPRegen  0.33/turn              i - ring of positive energy
MPRegen  0.22/turn              C - +3 ring of dexterity

@: blade hands
A: breathe frost, unfitting armour, beak, horns 1, cold resistance 1, mutation
resistance 1, cold-blooded, AC +9
a: Breathe Frost, End Transformation, Minor Destruction, Lesser Servant of
Makhleb, Major Destruction, Greater Servant of Makhleb, Renounce Religion, Evoke
Invisibility


You were on level 2 of the Orcish Mines.
You worshipped Makhleb.
Makhleb was exalted by your worship.
You were not hungry.
You had blades for hands.
You visited 5 branches of the dungeon, and saw 21 of its levels.
You also visited: Bailey.

You collected 2524 gold pieces.

Inventory:

Hand Weapons
 N - the +1 rapier "Baojio Etoi" {protect, rF+ rN+ MR+ Str+4}
   (You found it on level 10 of the Dungeon)

   It protects the one who uses it against injury (+AC on strike).
   It affects your strength (+4).
   It protects you from fire.
   It protects you from negative energy.
   It affects your resistance to hostile enchantments.
Missiles
 a - 205 arrows
Armour
 m - a +2 hat of magic resistance (worn)
 v - a +1 pair of gloves (melded)
 T - a +2 cloak of invisibility (worn)
Jewellery
 i - a ring of positive energy (left scythe-like blade)
 l - an uncursed ring of ice
 n - a +5 amulet of reflection (around neck)
 A - an uncursed ring of protection from fire
 C - a +3 ring of dexterity (right scythe-like blade)
Wands
 r - a wand of random effects (63)
 w - a wand of acid (8)
 y - a wand of flame (8)
 F - a wand of paralysis (36)
 K - a wand of digging (12)
 L - a wand of iceblast (19)
 M - a wand of clouds (9)
Scrolls
 d - 3 scrolls of fear
 e - 4 scrolls of amnesia
 j - 3 scrolls of enchant armour
 k - 9 scrolls of remove curse
 o - 8 scrolls of teleportation
 s - 5 scrolls of fog
 t - 7 scrolls of immolation
 u - 2 scrolls of vulnerability
 E - 2 scrolls of enchant weapon
 O - 4 scrolls of magic mapping
 Q - 4 scrolls of identify
 S - a scroll of blinking {unknown}
Potions
 b - a potion of heal wounds
 f - 4 potions of haste
 g - a potion of invisibility
 h - a potion of might
 p - 12 potions of curing
 q - 9 potions of agility
 x - 6 potions of brilliance
 z - a potion of flight
 B - 2 potions of cancellation
 D - 2 potions of magic
 G - 3 potions of lignification
 H - a potion of mutation
 J - 5 potions of resistance
Miscellaneous
 I - 2 phantom mirrors
Comestibles
 c - 32 rations
 P - 2 chunks of flesh


   Skills:
 + Level 11.6 Fighting
 + Level 10.1 Dodging
 - Level 2.5 Stealth
 + Level 11.1 Unarmed Combat
 + Level 11.0 Spellcasting
 + Level 12.3 Transmutations
 - Level 3.0 Ice Magic
 + Level 4.0 Earth Magic
 + Level 11.2 Invocations


You had one spell level left.
You knew the following spells:

 Your Spells              Type           Power        Failure   Level  Hunger
a - Beastly Appendage     Tmut           #####.       6%          1    None
b - Sticks to Snakes      Tmut           #####...     7%          2    None
c - Spider Form           Tmut/Pois      ####......   21%         3    None
d - Ice Form              Ice/Tmut       ####....     28%         4    ###....
e - Blade Hands           Tmut           #####.....   17%         5    #####..
f - Blink                 Tloc           N/A          50%         2    None
g - Hydra Form            Tmut           #####.....   41%         6    ######.
h - Statue Form           Tmut/Erth      #####....    82%         6    ######.
i - Dragon Form           Tmut           #####.....   82%         7    #######

Your spell library contained the following spells:

 Spells                   Type           Power        Failure   Level  Hunger
 Sandblast                Erth           ###...       19%         1    None
 Freeze                   Ice            ###.         22%         1    None
 Summon Butterflies       Summ           #.......     43%         1    None
 Summon Small Mammal      Summ           #...         43%         1    None
 Throw Frost              Conj/Ice       ##....       38%         2    None
 Call Imp                 Summ           #.......     50%         2    None
 Shroud of Golubria       Chrm/Tloc      #.........   50%         2    None
 Ozocubu's Armour         Chrm/Ice       ##......     52%         3    None
 Irradiate                Conj/Tmut      ####......   61%         5    #####..
 Yara's Violent Unravell  Hex/Tmut       ####......   61%         5    #####..
 Gell's Gravitas          Tloc           #.........   67%         3    None
 Lesser Beckoning         Tloc           #.........   67%         3    None
 Teleport Other           Tloc           #.......     67%         3    None
 Summon Ice Beast         Ice/Summ       ##......     82%         4    ###....
 Throw Icicle             Conj/Ice       ##......     82%         4    ###....
 Cause Fear               Hex            #.........   93%         4    ###....
 Passage of Golubria      Tloc           N/A          93%         4    ###....
 Bolt of Magma            Conj/Fire/Erth ##........   98%         5    #####..
 Iskenderun's Battlesphe  Conj/Chrm      #.......     99%         5    #####..
 Silence                  Hex/Air        #.........   99%         5    #####..
 Venom Bolt               Conj/Pois      #.........   99%         5    #####..
 Deflect Missiles         Chrm/Air       #.........   100%        6    ######.
 Iron Shot                Conj/Erth      ###.......   100%        6    ######.
 Orb of Destruction       Conj           #.........   100%        7    #######
 Spellforged Servitor     Conj/Summ      #.........   100%        7    #######
 Discord                  Hex            #.........   100%        8    #######
 Shatter                  Erth           ###.......   100%        9    #######


Dungeon Overview and Level Annotations

Branches:
Dungeon (11/15)            Temple (1/1) D:4            Lair (6/6) D:10
 Shoals (0/4) Lair:4       Spider (0/4) Lair:3        Slime (0/5) Lair:6
    Orc (2/2) D:11            Elf (1/3) Orc:2

Altars:
Ashenzari
Cheibriados
Dithmenos
Elyvilon
Fedhas
Gozag
Hepliaklqana
Kikubaaqudgha
Makhleb
Nemelex Xobeh
Okawaru
Qazlal
Ru
Sif Muna
Trog
Uskayaw
Vehumet
Wu Jian
Xom
Yredelemnul
Zin
The Shining One
Jiyva

Shops:
D:4 !   D:6 (   D:8 =   Orc:2 !([[

Annotations:
D:7 3 runed translucent doors, Dickchan's ghost, novice KoHu
Lair:2 exclusion: 4 oklob plants


Innate Abilities, Weirdness & Mutations

You can breathe waves of freezing cold.
You can buffet flying creatures when you breathe cold.
Your icy white scales are hard. (AC +9)
You cannot fit into any form of body armour.
Your flesh is cold resistant. (rC+)
You are cold-blooded and may be slowed by cold attacks.
You have a beak for a mouth.
You have a pair of small horns on your head.
You are somewhat resistant to further mutation.


Message History

Your ufetubus closely misses the +4 dire flail of crushing.
Your ufetubus barely misses the +4 dire flail of crushing.
Your ufetubus hits the +4 dire flail of crushing but does no damage.
Your ufetubus completely misses the +4 dire flail of crushing.
The +4 dire flail of crushing hits your ufetubus!!
Your ufetubus dies!
Your ynoxinul barely misses the +4 dire flail of crushing.
Eat one of 3 chunks of flesh? (ye/n/q)
You eat one of the 3 chunks of flesh.
This raw flesh tastes terrible.
Your ufetubus closely misses the +4 dire flail of crushing.
Your ufetubus barely misses the +4 dire flail of crushing.
Your ufetubus closely misses the +4 dire flail of crushing.
Your ufetubus completely misses the +4 dire flail of crushing.
Your ufetubus barely misses the +4 dire flail of crushing.
Your ufetubus misses the +4 dire flail of crushing.
Your adder barely misses the +4 dire flail of crushing.
Your ufetubus closely misses the +4 dire flail of crushing.
Your ufetubus barely misses the +4 dire flail of crushing.
The +4 dire flail of crushing hits you!!
You die...

#........##......##### #
###....>..........#
#....)...........#
#...............##
####...........##
#...........##
###.....553##
##.......S(5##
#.........@5.###
###............#
####..............#
##.#......#.#......####
##.<.^....####.........#
# #.#...)...#
####.......# #
#####....####.........##
# #.#......###.......# #
#.#......##......### #


You could see a +4 dire flail of crushing, a friendly ynoxinul, a friendly adder
and 4 friendly ufetubi.

Vanquished Creatures
  An orc warlord (Bailey)
  A fire dragon (Lair:6)
  6 hydras
  2 catoblepae
  A dancing weapon (Orc:2)
  A death knight (D:11)
  A two-headed ogre (D:11)
  7 death yaks (Lair:5)
  4 orc high priests (Orc:2)
  Urug (Lair:1)
  Nergalle (D:11)
  An unseen horror (D:11)
  6 orc knights
  A phantasmal warrior (D:11)
  A lindwurm (Lair:6)
  A cyclops (D:11)
  An oklob plant (Lair:4)
  4 orc sorcerers
  A manticore (D:11)
  4 black mambas
  Maurice (D:11)
  7 spiny frogs
  Psyche (D:9)
  2 molten gargoyles (Lair:6)
  A torpor snail (Lair:6)
  A kobold demonologist (D:11)
  6 rime drakes
  10 komodo dragons
  2 freezing wraiths (D:11)
  A troll (Orc:1)
  3 hornets
  Prince Ribbit (D:8)
  5 dream sheep (Lair:3)
  10 blink frogs
  A slime creature (Lair:4)
  9 hippogriffs
  An air elemental (Orc:2)
  A redback (Lair:3)
  6 wyverns
  23 yaks
  2 wraiths (D:11)
  6 basilisks
  3 fire bats
  15 porcupines
  4 wargs
  4 hell hounds (Lair:6)
  31 water moccasins
  2 hornet zombies
  3 black bears
  44 orc warriors
  3 ice beasts
  A phantom (D:7)
  2 eyes of draining
  2 necrophages (D:11)
  13 ogres
  7 wolves
  8 centaurs
  13 crocodiles
  2 big kobolds (D:11)
  11 bullfrogs
  A wyvern zombie (D:11)
  6 scorpions
  9 killer bees
  4 wights (D:10)
  2 electric eels
  4 lava snakes (Lair:6)
  A bullfrog zombie (D:10)
  A centaur zombie (D:7)
  3 quasits
  4 crimson imps
  9 jellies
  10 hounds
  A centaur skeleton (D:4)
  27 orc priests
  5 iguanas
  22 orc wizards
  9 worker ants
  A hound zombie (D:7)
  Robin (D:3)
  3 gnolls
  A howler monkey skeleton (D:10)
  30 adders
  A shadow imp (D:9)
  21 oozes
  2 worms
  2 dart slugs (D:1)
  7 leopard geckos
  88 orcs
  3 ball pythons
  7 giant cockroaches
  23 goblins
  19 hobgoblins
  18 kobolds
  3 quokkas
  A ball python skeleton (D:4)
  7 bats
  5 frilled lizards
  A giant cockroach zombie (D:6)
  A rat (D:3)
  A fungus (Lair:4)
  A plant (D:10)
679 creatures vanquished.

Vanquished Creatures (others)
  A centaur (D:6)
  An orc priest (Orc:1)
  An orc wizard (Orc:1)
  2 orcs
  A kobold (Bailey)
  42 fungi
  10 plants
58 creatures vanquished.

Grand Total: 737 creatures vanquished

Notes
Turn   | Place    | Note
-------+----------+-------------------------------------------
     0 | D:1      | 1994 the Draconian Transmuter began the quest for the Orb.
     0 | D:1      | Reached XP level 1. HP: 16/16 MP: 3/3
   303 | D:1      | Reached XP level 2. HP: 23/23 MP: 5/5
   401 | D:1      | Learned a level 2 spell: Sticks to Snakes
   780 | D:1      | Reached skill level 1 in Stealth
   780 | D:1      | Reached XP level 3. HP: 28/29 MP: 6/6
  1118 | D:1      | Learned a level 3 spell: Spider Form
  1313 | D:2      | Found a shattered altar of Ashenzari.
  1575 | D:2      | Reached XP level 4. HP: 27/36 MP: 5/7
  2132 | D:3      | Found a glowing golden altar of the Shining One.
  2529 | D:3      | Noticed Robin
  2531 | D:3      | Reached XP level 5. HP: 39/42 MP: 6/8
  2537 | D:3      | Killed Robin
  2608 | D:3      | Reached skill level 3 in Transmutations
  3149 | D:4      | Noticed an ogre
  3156 | D:4      | Reached XP level 6. HP: 46/50 MP: 7/10
  3187 | D:4      | Learned a level 4 spell: Ice Form
  3453 | D:4      | Your scales start taking on an icy white colour.
  3453 | D:4      | Reached XP level 7. HP: 52/57 MP: 10/12
  3453 | D:4      | Gained mutation: Your flesh is cold resistant. (rC+) [White
                  | Draconian growth]
  3709 | D:4      | Found Coacuel's Distillery.
  3759 | D:4      | Found a staircase to the Ecumenical Temple.
  3786 | Temple   | Entered the Ecumenical Temple
  4017 | Temple   | Became a worshipper of Makhleb the Destroyer
  4210 | D:5      | Entered Level 5 of the Dungeon
  4570 | D:5      | Reached skill level 1 in Ice Magic
  4607 | D:5      | Gained mutation: Your large and strong wings let you fly
                  | indefinitely. [potion of mutation]
  4607 | D:5      | Gained mutation: You are clumsy. (Dex -2) [potion of
                  | mutation]
  4607 | D:5      | Gained mutation: You have a beak for a mouth. [potion of
                  | mutation]
  4608 | D:5      | Lost mutation: Your large and strong wings let you fly
                  | indefinitely. [potion of mutation]
  4608 | D:5      | Lost mutation: You are clumsy. (Dex -2) [potion of
                  | mutation]
  4608 | D:5      | Gained mutation: You have a pair of small horns on your
                  | head. [potion of mutation]
  4608 | D:5      | Gained mutation: You are somewhat resistant to further
                  | mutation. [potion of mutation]
  4681 | D:5      | Reached skill level 4 in Transmutations
  4681 | D:5      | Reached skill level 1 in Invocations
  4742 | D:5      | You fall through a shaft for 2 floors!
  4780 | D:7      | Found a runed translucent gate.
  4799 | D:7      | Found a runed translucent gate.
  4799 | D:7      | Found a runed translucent gate.
  4991 | D:7      | Reached XP level 8. HP: 44/66 MP: 13/13
  5607 | D:7      | Noticed Dickchan's ghost (novice KoHu)
  5704 | D:7      | Reached * piety under Makhleb
  5709 | D:7      | Reached skill level 5 in Unarmed Combat
  6093 | D:7      | Reached skill level 5 in Fighting
  6168 | D:6      | Reached skill level 5 in Transmutations
  6482 | D:5      | Reached XP level 9. HP: 67/74 MP: 13/15
  7186 | D:6      | Reached ** piety under Makhleb
  7199 | D:5      | HP: 2/74 [orc warrior/+0 battleaxe (18)]
  7583 | D:6      | Found Boligrin's Antique Weapon Shoppe.
  7790 | D:6      | Reached skill level 5 in Spellcasting
  7806 | D:6      | Reached skill level 5 in Dodging
  8012 | D:6      | Found a radiant altar of Vehumet.
  8342 | D:6      | Learned a level 5 spell: Blade Hands
  8710 | D:7      | Found a hide-covered altar of Uskayaw.
  8711 | D:7      | Found a deep blue altar of Sif Muna.
  8732 | D:7      | Found a hazy altar of Hepliaklqana.
  9099 | D:8      | Found Sixkelo's Jewellery Emporium.
  9116 | D:8      | Reached skill level 6 in Transmutations
  9122 | D:8      | Found a blossoming altar of Fedhas.
  9131 | D:8      | Found a stormy altar of Qazlal.
  9194 | D:8      | Noticed Prince Ribbit
  9209 | D:8      | Killed Prince Ribbit
  9426 | D:8      | Reached skill level 5 in Invocations
  9557 | D:8      | Reached XP level 10. HP: 84/84 MP: 13/18
  9966 | D:9      | Noticed Psyche
  9979 | D:9      | Killed Psyche
 10437 | D:9      | Found a viscous altar of Jiyva.
 10776 | D:10     | Entered Level 10 of the Dungeon
 10778 | D:10     | Found a staircase to the Lair.
 11192 | D:10     | Reached *** piety under Makhleb
 11854 | D:10     | Reached skill level 7 in Transmutations
 11950 | D:10     | Got a polished rapier
 11955 | D:10     | Identified the cursed +1 rapier "Baojio Etoi" {protect, rF+
                  | rN+ MR+ Str+4} (You found it on level 10 of the Dungeon)
 12373 | Lair:1   | Entered Level 1 of the Lair of Beasts
 12381 | Lair:1   | Reached XP level 11. HP: 88/93 MP: 15/20
 12479 | Lair:1   | Noticed Urug
 12504 | Lair:1   | Killed Urug
 13847 | Lair:2   | Noticed a six-headed hydra
 13856 | Lair:2   | Killed a six-headed hydra
 13891 | Lair:2   | Noticed a five-headed hydra
 13902 | Lair:2   | Killed a five-headed hydra
 13902 | Lair:2   | Reached skill level 8 in Transmutations
 14152 | Lair:2   | Noticed an oklob plant
 14785 | Lair:2   | Noticed an oklob plant
 14786 | Lair:2   | Noticed an oklob plant
 15135 | Lair:2   | Noticed an oklob plant
 15325 | Lair:3   | Noticed a catoblepas
 15331 | Lair:3   | Killed a catoblepas
 15413 | Lair:3   | Reached XP level 12. HP: 104/104 MP: 19/23
 15555 | Lair:3   | Identified the Reference Book on the Creative Mountains
 15567 | Lair:3   | Learned a level 2 spell: Blink
 15666 | Lair:3   | Found a hole to the Spider Nest.
 15968 | Lair:4   | Identified a scroll of acquirement
 16007 | Lair:4   | Learned a level 6 spell: Hydra Form
 16045 | Lair:4   | Reached **** piety under Makhleb
 16519 | Lair:4   | Found a staircase to the Shoals.
 16593 | Lair:4   | Noticed a catoblepas
 16619 | Lair:4   | Killed a catoblepas
 16643 | Lair:4   | You fall through a shaft for 2 floors!
 16643 | Lair:6   | Entered Level 6 of the Lair of Beasts
 16643 | Lair:6   | Noticed a death yak
 16643 | Lair:6   | Noticed a death yak
 16643 | Lair:6   | Noticed a death yak
 16643 | Lair:6   | Noticed a death yak
 16643 | Lair:6   | Noticed a death yak
 16673 | Lair:5   | Killed a death yak
 16882 | Lair:5   | Noticed a six-headed hydra
 16912 | Lair:4   | Reached skill level 9 in Transmutations
 17380 | Lair:4   | Killed a six-headed hydra
 17774 | Lair:5   | Reached ***** piety under Makhleb
 17945 | Lair:5   | Reached skill level 10 in Fighting
 18681 | Lair:6   | Noticed a death yak
 18692 | Lair:5   | Reached XP level 13. HP: 113/113 MP: 20/25
 19679 | Lair:6   | Reached skill level 10 in Unarmed Combat
 19907 | Lair:6   | Found a radiant altar of Vehumet.
 19909 | Lair:6   | Found a viscous altar of Jiyva.
 19911 | Lair:6   | Found a staircase to the Slime Pits.
 20030 | Lair:6   | Reached skill level 10 in Invocations
 20073 | Lair:6   | Reached skill level 10 in Transmutations
 20363 | Lair:6   | Reached ****** piety under Makhleb
 20390 | Lair:6   | Noticed a fire dragon
 20393 | Lair:6   | Found a large runed translucent door.
 20642 | Lair:6   | Found a large runed translucent door.
 21278 | Lair:6   | Killed a fire dragon
 21663 | D:11     | Reached XP level 14. HP: 71/124 MP: 22/27
 21717 | D:11     | Found a flagged portal.
 21788 | Bailey   | Entered a bailey
 21836 | Bailey   | Noticed an orc warlord
 21922 | Bailey   | Found a runed translucent gate.
 21924 | Bailey   | Found a runed translucent gate.
 21945 | Bailey   | Found a runed translucent gate.
 22046 | Bailey   | Killed an orc warlord
 22157 | Bailey   | Got a fine great sword
 22204 | D:11     | Identified the +2 great sword "Earthworm" {antimagic, rPois
                  | Int+4} (You found it in a bailey)
 22295 | D:11     | Reached skill level 10 in Spellcasting
 22295 | D:11     | Reached skill level 11 in Transmutations
 22295 | D:11     | Reached XP level 15. HP: 129/129 MP: 27/29
 22296 | D:11     | Reached XP level 16. HP: 137/137 MP: 27/30
 22317 | D:11     | Learned a level 6 spell: Statue Form
 22325 | D:11     | Learned a level 7 spell: Dragon Form
 22435 | D:11     | Noticed Nergalle
 22632 | D:11     | Killed Nergalle
 22802 | D:11     | Found a staircase to the Orcish Mines.
 22806 | D:11     | Reached skill level 12 in Transmutations
 22948 | D:11     | Noticed Maurice
 23018 | D:11     | Killed Maurice
 23352 | Orc:1    | Entered Level 1 of the Orcish Mines
 23455 | Orc:2    | Entered Level 2 of the Orcish Mines
 24103 | Orc:2    | Found a staircase to the Elven Halls.
 25128 | Orc:2    | Reached skill level 10 in Dodging
 25734 | Orc:2    | Found Xarahet's Armour Shoppe.
 25737 | Orc:2    | Found Kiodoul's Weapon Emporium.
 25738 | Orc:2    | Found Wuew's Distillery.
 25739 | Orc:2    | Found Hutsaq's Antique Armour Shoppe.
 25829 | Elf:1    | Entered Level 1 of the Elven Halls
 25843 | Orc:2    | HP: 7/179 [+4 dire flail of crushing (38)]
 25843 | Orc:2    | HP: 1/179 [+4 dire flail of crushing (6)]
 25852 | Orc:2    | Slain by a +4 dire flail of crushing

Skill      XL: |  1  2  3  4  5  6  7  8  9 10 11 12 13 14 15 16 |
---------------+-------------------------------------------------+-----
Dodging        | 2 3 4 5 6 7 8 9 10 | 10.1
Stealth        | 1 2 |  2.5
Fighting       | 2 3 4 5 6 7 9 10 11 | 11.6
Transmutations | 3 4 5 6 7 8 9 10 11 12 | 12.3
Spellcasting   | 3 4 5 6 7 8 9 10 11 | 11.0
Unarmed Combat | 4 5 6 7 8 9 10 11 | 11.1
Ice Magic      | 2 3 |  3.0
Invocations    | 1 3 5 6 7 9 10 11 | 11.2
Earth Magic    | 2 4 |  4.0

Action                   |  1- 3 |  4- 6 |  7- 9 | 10-12 | 13-15 | 16-18 || total
-------------------------+-------+-------+-------+-------+-------+-------++-------
Melee: Unarmed           |    87 |   272 |   413 |   415 |   273 |   418 ||  1878
       Tailslap          |     9 |    29 |    35 |    97 |    50 |    50 ||   270
       Headbutt          |     9 |    13 |    50 |   137 |    57 |    77 ||   343
       Punch             |     1 |     5 |    11 |    28 |    11 |    20 ||    76
       Kick              |       |    25 |    70 |   200 |    49 |    52 ||   396
       Peck              |       |       |    42 |   113 |    57 |    66 ||   278
       Rapier            |       |       |       |   400 |   142 |       ||   542
 Cast: Beastly Appendage |     9 |    19 |    34 |    56 |    17 |    21 ||   156
       Spider Form       |       |     1 |    15 |     8 |     3 |     1 ||    28
       Ice Form          |       |       |     1 |    25 |    12 |     1 ||    39
       Blade Hands       |       |       |       |     4 |     8 |    15 ||    27
       Blink             |       |       |       |     2 |       |     3 ||     5
       Sticks to Snakes  |       |       |       |       |     1 |     1 ||     2
       Hydra Form        |       |       |       |       |       |     6 ||     6
Invok: Minor Destruction |       |       |     2 |    17 |    51 |   103 ||   173
       Lesser Servant of |       |       |       |       |     1 |     2 ||     3
       Major Destruction |       |       |       |       |     1 |     1 ||     2
 Abil: End Transformatio |       |       |     2 |     2 |     4 |     1 ||     9
       Breathe Frost     |       |       |     6 |     7 |     2 |     4 ||    19
Evoke: Wand              |       |       |       |     2 |       |     3 ||     5
  Use: Potion            |     2 |       |     2 |     2 |     2 |     1 ||     9
       Scroll            |       |       |    16 |    11 |     2 |       ||    29
 Stab: Sleeping          |       |     2 |    11 |     8 |     1 |     1 ||    23
       Distracted        |       |     1 |       |     1 |     2 |     1 ||     5
       Invisible         |       |       |       |     1 |       |       ||     1
  Eat: Chunk             |     2 |     7 |    22 |    36 |    15 |     8 ||    90
       Ration            |       |       |       |       |     1 |       ||     1
Armor: Skin              |    37 |    81 |    66 |   217 |    62 |    83 ||   546
Dodge: Dodged            |    61 |   123 |   257 |   711 |   329 |   285 ||  1766
Block: Other             |       |    56 |    96 |   170 |    91 |    83 ||   496
       Reflection        |       |       |     3 |     2 |    13 |    10 ||    28
